 Dungeon Crawl Stone Soup version 0.32-a0-996-gb3226c233f (webtiles) character file.

Game seed: 4625859926987241340

672 ohnonotagain the Chopper (level 7, -11/91 HPs)
             Began as a Mountain Dwarf Fighter on Apr 23, 2024.
             Was an Initiate of Ru.
             Mangled by a wyvern (12 damage)
             ... on level 5 of the Dungeon.
             The game lasted 00:06:55 (3141 turns).

ohnonotagain the Chopper (Mountain Dwarf Fighter)   Turns: 3141, Time: 00:06:56

Health: -11/91     AC: 23    Str: 20    XL:     7   Next: 32%
Magic:  7/7        EV:  2    Int:  9    God:    Ru [......]
Gold:   291        SH:  4    Dex:  9    Spells: 6/6 levels left

rFire   . . .        b - +3 trident (venom)
rCold   . . .        c - +0 buckler
rNeg    . . .        v - melded +0 chain mail
rPois   +            (helmet currently unavailable)
rElec   .            u - melded +2 cloak
rCorr   +            (gloves currently unavailable)
SInv    .            g - melded +0 pair of boots
Will    .....        (no amulet)
Stlth   +            t - ring of resist corrosion
HPRegen 0.35/turn    (no ring)
MPRegen 0.10/turn

%: no passive effects
@: tree-form
A: stationary, stasis, torment immunity, boosted hp, no potion heal 1, runic
magic, artefact enchanting
a: Renounce Religion


You were on level 5 of the Dungeon.
You worshipped Ru.
Ru was noncommittal.
You were a tree.
You visited 1 branch of the dungeon, and saw 5 of its levels.

You collected 291 gold pieces.

Inventory:

Hand Weapons
 a - a +1 broad axe
 b - a +3 trident of venom (weapon)
Armour
 c - a +0 buckler (worn)
 g - a +0 pair of boots (melded)
 u - a +2 cloak (melded)
 v - a +0 chain mail (melded)
Jewellery
 t - a ring of resist corrosion (left branch)
Scrolls
 i - a scroll of revelation {unknown}
 j - 2 scrolls of blinking
 k - a scroll of poison {unknown}
 n - a scroll of silence {unknown}
 o - a scroll of immolation {unknown}
 p - a scroll of fog {unknown}
 q - a scroll of teleportation {unknown}
 s - 2 scrolls of enchant weapon
Potions
 d - a potion of might
 e - a potion of heal wounds
 l - a potion of invisibility {unknown}
 m - a potion of lignification
 r - 4 potions of curing


   Skills:
 + Level 5.3 Fighting
 * Level 7.0 Axes
 + Level 5.3 Armour
 - Level 4.0 Shields


You had 6 spell levels left.
You didn't know any spells.
Your spell library contained the following spells:

 Spells                   Type           Power      Damage    Failure   Level
 Slow                     Hex            0%         N/A       45%         1
 Call Canine Familiar     Summ           0%         N/A       83%         3
 Confusing Touch          Hex            0%         N/A       83%         3
 Hailstorm                Conj/Ice       0%         3d5       83%         3
 Sigil of Binding         Hex            0%         N/A       83%         3
 Summon Ice Beast         Ice/Summ       0%         N/A       83%         3
 Vampiric Draining        Necr           0%         2d6       83%         3
 Dimensional Bullseye     Hex/Tloc       0%         N/A       99%         4
 Permafrost Eruption      Ice/Erth       0%         2x4d1     100%        6
 Sculpt Simulacrum        Ice/Alch       0%         N/A       100%        6


Dungeon Overview and Level Annotations

Branches:
Dungeon (5/15)
 Temple: D:4-7

Altars:
Nemelex Xobeh
Ru

Shops:
D:4 [

Annotations:
D:4 1 runed translucent door


Innate Abilities, Weirdness & Mutations

You are a tree.
Your roots penetrate the ground, keeping you stationary.
You cannot be teleported.
You are immune to unholy pain and torment.
Your maximum health is greatly increased.
Your equipment is partially melded.
Potions are less effective at restoring your health.
Your spellcasting is much less encumbered by armour.
You can use scrolls of enchantment on lesser artefacts.


Message History

A wyvern comes into view.
The ogre hits you with a +0 giant spiked club!!
* * * LOW HITPOINT WARNING * * *
You are too injured to fight recklessly!
You are too injured to fight recklessly!
You are too injured to fight recklessly!
You hit the ogre.
The ogre is poisoned.
The ogre is moderately wounded.
You hit the ogre.
The ogre looks as sick as possible!
The ogre is heavily wounded.
The ogre closely misses you. You block the wyvern's attack. x2
You hit the ogre.
The ogre looks as sick as possible!
The ogre is severely wounded.
You kill the ogre!
The wyvern bites you but does no damage.
A white imp comes into view.
Your Axes skill increases to level 7!
You hit the wyvern but do no damage. The wyvern closely misses you.
The wyvern bites you but does no damage.
The white imp grins evilly.
You closely miss the wyvern. You block the wyvern's attack.
The wyvern completely misses you.
You barely miss the wyvern. The wyvern bites you!
* * * LOW HITPOINT WARNING * * *
Your system partially rejects the healing.
You feel much better. The wyvern barely misses you.
The white imp barely misses you.
The wyvern bites you but does no damage.
You turn into a tree.
Your +2 cloak melds into your body.
Your +0 pair of boots melds into your body.
Your +0 chain mail melds into your body.
Your roots penetrate the ground.
The wyvern bites you!
* * * LOW HITPOINT WARNING * * *
The white imp hits you but does no damage.
You barely miss the wyvern. The wyvern bites you!
* * * LOW HITPOINT WARNING * * *
The white imp hits you but does no damage.
The wyvern bites you!
You die...
Ru respects your ultimate sacrifice.

#### #... ## #...
.#..# ##5k# #.♣#
.# #.## #.# #..##
#..# ##..## #..#
#.#..###..#
##.#..#..# #
#.#.#...#
#..######.######
.................


You could see a wyvern and a white imp.

Vanquished Creatures
  The ghost of Bliebski the Changeling, an amateur OpSh (D:4)
  A black bear (D:4)
  An ogre (D:5)
  3 orc priests
  A sleepcap (D:4)
  3 iguanas
  Jessica (D:2)
  4 adders
  3 gnolls
  A river rat (D:4)
  2 ribbon worms (D:2)
  A dart slug (D:1)
  10 orcs
  6 bats
  6 endoplasms
  5 giant cockroaches
  4 goblins
  9 hobgoblins
  2 quokkas
  10 ball pythons
  3 frilled lizards
  6 kobolds
  3 rats
86 creatures vanquished.

Notes
Turn   | Place    | Note
-------+----------+-------------------------------------------
     0 | D:1      | ohnonotagain the Mountain Dwarf Fighter began the quest for
                  | the Orb.
     0 | D:1      | Reached XP level 1. HP: 19/19 MP: 1/1
   322 | D:1      | Reached XP level 2. HP: 26/26 MP: 2/2
   498 | D:1      | Reached skill level 3 in Axes
   858 | D:1      | Reached XP level 3. HP: 31/31 MP: 3/3
   981 | D:2      | Noticed Jessica
   992 | D:2      | Killed Jessica
  1023 | D:2      | Reached XP level 4. HP: 34/40 MP: 4/4
  1041 | D:1      | Reached skill level 4 in Axes
  1118 | D:2      | Found a faded altar of an unknown god.
  1127 | D:2      | Prayed at the altar of an unknown god.
  1127 | D:2      | Became a worshipper of Ru the Awakened
  1135 | D:2      | Gained mutation: Potions are less effective at restoring
                  | your health. [Ru sacrifice]
  1604 | D:3      | Reached XP level 5. HP: 42/46 MP: 5/5
  2339 | D:4      | Reached skill level 5 in Axes
  2343 | D:4      | Noticed a black bear
  2414 | D:4      | Killed a black bear
  2415 | D:4      | Reached XP level 6. HP: 44/53 MP: 6/6
  2638 | D:4      | Found a runed translucent door.
  2642 | D:4      | Noticed Bliebski's ghost (amateur OpSh)
  2673 | D:4      | Reached skill level 6 in Axes
  2679 | D:4      | Found Xone's Armour Shoppe.
  2815 | D:4      | Found a runed translucent door.
  2946 | D:4      | Found a sparkling altar of Nemelex Xobeh.
  3001 | D:4      | Killed Bliebski's ghost
  3002 | D:4      | Reached skill level 5 in Fighting
  3002 | D:4      | Reached skill level 5 in Armour
  3002 | D:4      | Reached XP level 7. HP: 55/61 MP: 7/7
  3063 | D:5      | Entered Level 5 of the Dungeon
  3132 | D:5      | Noticed a wyvern
  3136 | D:5      | Reached skill level 7 in Axes
  3141 | D:5      | HP: 1/91 [wyvern (12)]
  3141 | D:5      | Mangled by a wyvern

Illustrated notes

Levels and vault maps discovered:
D:1:      tarquinn_simple_flora_water_a, layout_loops_corners, minmay_quantized
D:2:      layout_rooms, chequers_ecumenical_altar_island, minmay_vboxes,
          uniq_jessica
D:3:      layout_loops_ring, fountainhead, minivault_19, minivault_14
D:4:      layout_rooms, nemelex_diamond_rough_becter, serial_shops,
          nicolae_shop_statue_plus, ebering_ghost_sewer_f
D:5:      minmay_diamond_boxcup, layout_basic, nicolae_dithmenos_shadow_blocks,
          minmay_temple_entry_poolview, chequers_serial_rivers_large_a,
          minmay_misc_feat_roman, ebering_dispersal_statue_hall

Skill      XL: |  1  2  3  4  5  6  7 |
---------------+----------------------+-----
Axes           | 3 4 5 6 7 |  7.0
Fighting       | 4 5 |  5.3
Armour         | 4 5 |  5.3
Shields        | 4 |  4.0

Action                     |  1- 3 |  4- 6 |  7- 9 || total
---------------------------+-------+-------+-------++-------
  Melee: Trident           |    58 |   145 |    22 ||   225
         War axe           |     1 |       |       ||     1
         Broad axe         |       |    11 |       ||    11
 Invoke: Sacrifice Purity  |       |     1 |       ||     1
    Use: Scroll            |     1 |     2 |     3 ||     6
         Potion            |       |       |     2 ||     2
 Armour: Scale mail        |    25 |    88 |       ||   113
         Chain mail        |       |    32 |    14 ||    46
         Skin              |       |       |     5 ||     5
  Dodge: Dodged            |    13 |    65 |     7 ||    85
  Block: Buckler           |     6 |    28 |     7 ||    41

Table legend: (Time is in decaauts)
 A = Elapsed time spent in this place.
 B = Non-inter-level travel time spent in this place.
 C = Inter-level travel time spent in this place.
 D = Time resting spent in this place.
 E = Time spent auto-exploring this place.
 F = Levels seen in this place.
 G = Mean time per level.
                   A        B        C        D        E       F      G
               +--------+--------+--------+--------+--------+-----+--------+
         Total |   3204 |   3021 |    183 |     53 |   2391 |   5 |  640.8 |
       Dungeon |   3204 |   3021 |    183 |     53 |   2391 |   5 |  640.8 |
               +--------+--------+--------+--------+--------+-----+--------+

Top non-repeatable levels by time:
     D:1: 942 daAuts
     D:3: 892 daAuts
     D:4: 669 daAuts
     D:2: 620 daAuts
     D:5: 79 daAuts
